[Event "FIDE World Junior U20-ch Girls 2025"]
[Site "Petrovac"]
[Date "2025.02.25"]
[Round "1.1"]
[White "Lu, Miaoyi"]
[Black "Sneha Halder"]
[Result "0-1"]
[Annotator "ChessBase"]
[ECO "A06"]
[WhiteElo "2432"]
[BlackElo "2065"]
[PlyCount "100"]
[EventDate "2025.02.23"]
[EventType "swiss"]
[EventCountry "MNE"]
[SourceTitle "playchess.com"]
[Source "ChessBase"]
[SourceQuality "1"]
[TimeControl "40/5400+30:1800+30"]

1. Nf3 d5 2. e3 Bf5 3. c4 dxc4 4. Bxc4 e6 5. Qb3 Qc8 6. Nc3 Nf6 7. d4 c6 8. O-O Nbd7 9. e4 Bg4 10. Nd2 b5 11. Bd3 a6 12. h3 Bh5 13. a4 e5 14. dxe5 Nxe5 15. Bb1 Bc5 16. axb5 axb5 17. Rxa8 Qxa8 18. Kh1 g5 19. Nd1 Qd8 20. Qg3 Bd6 21. Qxg5 Rg8 22. Qe3 Bxd1 23. Rxd1 Nfg4 24. Qe2 Bc5 25. Rf1 Qh4 26. Nf3 Nxf3 27. Qxf3 Nxf2+ 28. Rxf2 Qxf2 29. Qxf2 Bxf2 30. g4 h5 31. Kg2 Bd4 32. g5 f6 33. e5 fxg5 34. e6 Ke7 35. Bf5 Kf6 36. Bb1 c5 37. Be4 Kxe6 38. Bc6 Kf6 39. b3 c4 40. b4 c3 41. Kf3 Rd8 42. Bxb5 Rb8 43. Bd3 Rxb4 44. Bc2 Be5 45. Ba3 Rh4 46. Kg2 Rd4 47. Kf3 Rd2 48. Be4 c2 49. Bh7 Rh2 50. Bc1 Rh1 0-1

[Event "FIDE World Junior U20-ch Girls 2025"]
[Site "Petrovac"]
[Date "2025.02.25"]
[Round "1.2"]
[White "Shokirjonova, Barchinoy"]
[Black "Gaal, Zsoka"]
[Result "0-1"]
[Annotator "ChessBase"]
[ECO "E35"]
[WhiteElo "2061"]
[BlackElo "2404"]
[PlyCount "64"]
[EventDate "2025.02.23"]
[EventType "swiss"]
[EventCountry "MNE"]
[SourceTitle "playchess.com"]
[Source "ChessBase"]
[SourceQuality "1"]
[TimeControl "40/5400+30:1800+30"]

1. d4 Nf6 2. c4 e6 3. Nc3 Bb4 4. Qc2 d5 5. cxd5 exd5 6. Bg5 h6 7. Bxf6 Qxf6 8. a3 Bxc3+ 9. Qxc3 c6 10. e3 O-O 11. Nf3 Bf5 12. Ne5 Nd7 13. Nxd7 Bxd7 14. Be2 Qg5 15. Bf3 Rae8 16. h4 Qf6 17. b4 Bf5 18. Ke2 Re7 19. g4 Be4 20. Bxe4 dxe4 21. Rag1 Qe6 22. g5 h5 23. Rh2 g6 24. Rc1 Rd7 25. Kd2 Rd5 26. Kc2 a5 27. Rhh1 Rf5 28. Rhf1 axb4 29. axb4 Ra8 30. Rb1 Qa2+ 31. Rb2 Qa6 32. Rbb1 Qe2+ 0-1

[Event "FIDE World Junior U20-ch Girls 2025"]
[Site "Petrovac"]
[Date "2025.02.25"]
[Round "1.3"]
[White "Song, Yuxin"]
[Black "Mrittika Mallick"]
[Result "1/2-1/2"]
[Annotator "RC"]
[ECO "B90"]
[WhiteElo "2381"]
[BlackElo "2058"]
[PlyCount "61"]
[EventDate "2025.02.23"]
[EventType "swiss"]
[EventCountry "MNE"]
[SourceTitle "playchess.com"]
[Source "ChessBase"]
[SourceQuality "1"]
[TimeControl "40/5400+30:1800+30"]

1. e4 c5 2. Nc3 d6 3. Nf3 Nf6 4. d4 cxd4 5. Nxd4 a6 6. f3 e5 7. Nb3 Be6 8. Be3 h5 9. Nd5 Nxd5 10. exd5 Bf5 11. Bd3 Bxd3 12. Qxd3 Be7 13. O-O-O Bg5 14. Kb1 Bxe3 15. Qxe3 Nd7 16. f4 O-O 17. Qh3 exf4 18. Qxh5 Qf6 19. Rhf1 Ne5 20. Rd4 Ng6 21. g3 Qe5 22. Qxe5 dxe5 23. Rd2 b5 24. Nc5 a5 25. a3 a4 26. gxf4 Nxf4 27. Ne4 Rac8 28. Nc3 Rc5 29. Re1 f6 30. d6 Rd8 31. d7 1/2-1/2

[Event "FIDE World Junior U20-ch Girls 2025"]
[Site "Petrovac"]
[Date "2025.02.25"]
[Round "1.4"]
[White "Shuqja, Klean"]
[Black "Rakshitta Ravi"]
[Result "0-1"]
[Annotator "ChessBase"]
[ECO "C00"]
[WhiteElo "2049"]
[BlackElo "2365"]
[PlyCount "74"]
[EventDate "2025.02.23"]
[EventType "swiss"]
[EventCountry "MNE"]
[SourceTitle "playchess.com"]
[Source "ChessBase"]
[SourceQuality "1"]
[TimeControl "40/5400+30:1800+30"]

1. e4 e6 2. d3 d5 3. Nd2 b6 4. g3 Bb7 5. Bg2 Nd7 6. Qe2 dxe4 7. Bxe4 Qc8 8. Bxb7 Qxb7 9. Qe4 c6 10. Ngf3 Ngf6 11. Qe2 Be7 12. Ne4 O-O 13. O-O c5 14. b3 b5 15. a4 c4 16. bxc4 bxc4 17. Ba3 cxd3 18. cxd3 Bxa3 19. Nxf6+ Nxf6 20. Rxa3 Rfd8 21. Rc3 Qd7 22. Qc2 Qd5 23. d4 Qh5 24. Kg2 Nd5 25. Rb3 Rab8 26. Rfb1 Rbc8 27. Qd2 Qg6 28. Rc1 h6 29. Rb7 Qe4 30. Rxa7 Rxc1 31. Qxc1 Rb8 32. Qe1 Qc2 33. Qd2 Qc6 34. Rxf7 Rb3 35. Ra7 g5 36. h3 Nf4+ 37. gxf4 Qxf3+ 0-1

[Event "FIDE World Junior U20-ch Girls 2025"]
[Site "Petrovac"]
[Date "2025.02.25"]
[Round "1.5"]
[White "Shukhman, Anna"]
[Black "Zhou, Shumeng"]
[Result "1-0"]
[Annotator "ChessBase"]
[ECO "C42"]
[WhiteElo "2365"]
[BlackElo "2049"]
[PlyCount "91"]
[EventDate "2025.02.23"]
[EventType "swiss"]
[EventCountry "MNE"]
[SourceTitle "playchess.com"]
[Source "ChessBase"]
[SourceQuality "1"]
[TimeControl "40/5400+30:1800+30"]

1. e4 e5 2. Nf3 Nf6 3. Nxe5 d6 4. Nf3 Nxe4 5. d4 d5 6. Bd3 Bd6 7. O-O O-O 8. c4 c6 9. Re1 Bf5 10. Qb3 Qd7 11. Nc3 Nxc3 12. Bxf5 Qxf5 13. bxc3 b6 14. cxd5 Qxd5 15. c4 Qf5 16. Ba3 Qf6 17. c5 Bc7 18. cxb6 axb6 19. Be7 Qh6 20. Bxf8 Kxf8 21. Ne5 Qe6 22. Nxc6 Qxb3 23. axb3 Rxa1 24. Rxa1 Nxc6 25. Rc1 Bxh2+ 26. Kxh2 Nxd4 27. b4 Ke7 28. Rc4 Ne6 29. Rc6 b5 30. Rb6 Nd4 31. Kg3 Kd7 32. Rb7+ Ke6 33. Kf4 Kd5 34. Rxf7 Ne6+ 35. Ke3 Kc4 36. f4 g6 37. Re7 Nf8 38. g4 Kxb4 39. f5 gxf5 40. gxf5 Kc3 41. Rc7+ Kb3 42. Rf7 Ng6 43. fxg6 hxg6 44. Kd2 b4 45. Kc1 g5 46. Rg7 1-0

[Event "FIDE World Junior U20-ch Girls 2025"]
[Site "Petrovac"]
[Date "2025.02.25"]
[Round "1.6"]
[White "Vujatovic, Irina"]
[Black "Khamdamova, Afruza"]
[Result "0-1"]
[Annotator "ChessBase"]
[ECO "C95"]
[WhiteElo "2042"]
[BlackElo "2354"]
[PlyCount "90"]
[EventDate "2025.02.23"]
[EventType "swiss"]
[EventCountry "MNE"]
[SourceTitle "playchess.com"]
[Source "ChessBase"]
[SourceQuality "1"]
[TimeControl "40/5400+30:1800+30"]

1. e4 e5 2. Nf3 Nc6 3. Bb5 a6 4. Ba4 Nf6 5. O-O Be7 6. Re1 b5 7. Bb3 d6 8. c3 O-O 9. h3 Nb8 10. d4 Nbd7 11. Nbd2 Bb7 12. Bc2 Re8 13. Nf1 Bf8 14. Ng3 g6 15. Bg5 h6 16. Bd2 Bg7 17. Bd3 Nb6 18. Qc1 Kh7 19. b3 exd4 20. cxd4 c5 21. Bc3 Rc8 22. Qb2 Nfd7 23. Rad1 b4 24. Bd2 d5 25. exd5 Nxd5 26. Rxe8 Qxe8 27. Ne4 Nc3 28. Nxc3 Bxf3 29. Re1 Qd8 30. Ne2 Bxe2 31. Rxe2 Bxd4 32. Qc2 a5 33. Kh1 Qf6 34. f4 Kg7 35. Re4 Nb6 36. f5 g5 37. h4 Nd7 38. Bb5 Qxf5 39. Bxd7 Qxd7 40. hxg5 hxg5 41. Bxg5 Rh8+ 42. Bh4 f5 43. Rf4 Be5 44. Qf2 Qd1+ 45. Kh2 Qg4 0-1

[Event "FIDE World Junior U20-ch Girls 2025"]
[Site "Petrovac"]
[Date "2025.02.25"]
[Round "1.7"]
[White "Nurman, Alua"]
[Black "Huseynova, Lala"]
[Result "1-0"]
[Annotator "ChessBase"]
[ECO "B95"]
[WhiteElo "2336"]
[BlackElo "2032"]
[PlyCount "71"]
[EventDate "2025.02.23"]
[EventType "swiss"]
[EventCountry "MNE"]
[SourceTitle "playchess.com"]
[Source "ChessBase"]
[SourceQuality "1"]
[TimeControl "40/5400+30:1800+30"]

1. e4 c5 2. Nf3 d6 3. d4 cxd4 4. Nxd4 Nf6 5. Nc3 a6 6. Bg5 e6 7. Qe2 Be7 8. f4 h6 9. Bxf6 Bxf6 10. O-O-O Qc7 11. g4 Nc6 12. Nxc6 bxc6 13. Qd2 Be7 14. h4 Rb8 15. Bc4 d5 16. Bb3 d4 17. Ne2 c5 18. c3 Bb7 19. Qd3 dxc3 20. Qxc3 O-O 21. Bc2 a5 22. g5 Ba6 23. gxh6 Bf6 24. e5 Bxe2 25. Rd2 gxh6 26. Rxe2 Bg7 27. f5 exf5 28. Rg1 Rb4 29. Bxf5 Kh8 30. Qg3 Rg8 31. Reg2 Rc4+ 32. Kb1 Rd4 33. Bc2 Qd8 34. Qxg7+ Rxg7 35. Rxg7 f5 36. exf6 1-0

[Event "FIDE World Junior U20-ch Girls 2025"]
[Site "Petrovac"]
[Date "2025.02.25"]
[Round "1.8"]
[White "Radenkovic, Mila"]
[Black "Kairbekova, Amina"]
[Result "0-1"]
[Annotator "ChessBase"]
[ECO "B33"]
[WhiteElo "2027"]
[BlackElo "2336"]
[PlyCount "62"]
[EventDate "2025.02.23"]
[EventType "swiss"]
[EventCountry "MNE"]
[SourceTitle "playchess.com"]
[Source "ChessBase"]
[SourceQuality "1"]
[TimeControl "40/5400+30:1800+30"]

1. e4 c5 2. Nf3 e6 3. d4 cxd4 4. Nxd4 Nf6 5. Nc3 Nc6 6. Ndb5 Bc5 7. Be3 Bxe3 8. Nd6+ Ke7 9. fxe3 a6 10. Qd2 Qc7 11. O-O-O b5 12. g4 Ne8 13. Nf5+ Kf8 14. Nd4 Ne5 15. Be2 Bb7 16. Rhf1 Ke7 17. Qe1 Nd6 18. Qh4+ Kf8 19. Rf4 b4 20. Rdf1 bxc3 21. Qh5 cxb2+ 22. Kb1 Ng6 23. e5 Ne4 24. Rxf7+ Ke8 25. Nb3 Nc3+ 26. Kxb2 Nxe2 27. Rxg7 Qxe5+ 28. Qxe5 Nxe5 29. Re1 Bf3 30. Nd2 Rb8+ 31. Ka1 Nc3 0-1

[Event "FIDE World Junior U20-ch Girls 2025"]
[Site "Petrovac"]
[Date "2025.02.25"]
[Round "1.9"]
[White "Savitha Shri B"]
[Black "Karacsonyi, Luca"]
[Result "1-0"]
[Annotator "ChessBase"]
[ECO "B43"]
[WhiteElo "2332"]
[BlackElo "2026"]
[PlyCount "105"]
[EventDate "2025.02.23"]
[EventType "swiss"]
[EventCountry "MNE"]
[SourceTitle "playchess.com"]
[Source "ChessBase"]
[SourceQuality "1"]
[TimeControl "40/5400+30:1800+30"]

1. e4 c5 2. Nf3 a6 3. Nc3 b5 4. d4 cxd4 5. Nxd4 e6 6. Bd3 Bb7 7. O-O Nc6 8. Be3 Nf6 9. Nb3 Bb4 10. Nc5 Bxc5 11. Bxc5 d6 12. Be3 Ne5 13. Bg5 h6 14. Bh4 Ng6 15. Bg3 b4 16. Na4 Bxe4 17. Re1 Bxd3 18. Qxd3 e5 19. Rad1 O-O 20. Qxd6 Qxd6 21. Rxd6 Rfd8 22. Rb6 a5 23. h3 Rd2 24. c3 Nd7 25. Rb5 bxc3 26. Nxc3 Rb8 27. Rxa5 Rbxb2 28. h4 f5 29. Ra8+ Ndf8 30. h5 f4 31. Ne4 Rxa2 32. Re8 Re2 33. Rxe2 Rxe2 34. hxg6 fxg3 35. Nxg3 Re1+ 36. Kh2 Rb1 37. Nf5 Rb7 38. Kh3 e4 39. g3 Ra7 40. Kg4 Rb7 41. Ne7+ Rxe7 42. Rxe7 Nxg6 43. Rxe4 Kf7 44. f4 Kf6 45. Ra4 Ne7 46. Ra6+ Kf7 47. Kf3 h5 48. Ke4 g6 49. Ke5 Nf5 50. Ra7+ Kg8 51. Kf6 Nxg3 52. Kxg6 Kf8 53. f5 1-0

[Event "FIDE World Junior U20-ch Girls 2025"]
[Site "Petrovac"]
[Date "2025.02.25"]
[Round "1.10"]
[White "Romany, Joy"]
[Black "Velpula Sarayu"]
[Result "0-1"]
[Annotator "RC"]
[ECO "E94"]
[WhiteElo "2025"]
[BlackElo "2315"]
[PlyCount "110"]
[EventDate "2025.02.23"]
[EventType "swiss"]
[EventCountry "MNE"]
[SourceTitle "playchess.com"]
[Source "ChessBase"]
[SourceQuality "1"]
[TimeControl "40/5400+30:1800+30"]

1. d4 Nf6 2. c4 g6 3. Nc3 Bg7 4. e4 d6 5. Nf3 O-O 6. Be2 Na6 7. O-O e5 8. Be3 Qe7 9. Qc2 c6 10. Rfe1 Bg4 11. Rad1 Nd7 12. dxe5 dxe5 13. Qd2 Rfd8 14. Qc1 Nac5 15. h3 Bxf3 16. Bxf3 h5 17. Rd2 Ne6 18. Ne2 Bf6 19. Red1 Ng5 20. Rd6 Nxf3+ 21. gxf3 Nf8 22. c5 Ne6 23. Qd2 b6 24. b4 Qe8 25. Qc3 bxc5 26. bxc5 Qe7 27. Kg2 Nc7 28. a4 Ne8 29. R6d2 Rxd2 30. Rxd2 Rd8 31. Nc1 Nc7 32. Nd3 Ne6 33. Nb4 Nd4 34. Qc4 Qc7 35. Qa6 Rc8 36. Qc4 a5 37. Nc2 Ne6 38. Na1 Rb8 39. Nc2 Be7 40. Qc3 Bg5 41. Rd6 Bxe3 42. fxe3 Qb7 43. Qxe5 Qb2 44. Qxb2 Rxb2 45. Rd2 Nxc5 46. Kf2 Nxa4 47. Ke2 Nc3+ 48. Kd3 Nb1 49. Rd1 a4 50. Na1 a3 51. h4 a2 52. f4 Rh2 53. f5 g5 54. e5 gxh4 55. f6 Rd2+ 0-1

[Event "FIDE World Junior U20-ch Girls 2025"]
[Site "Petrovac"]
[Date "2025.02.25"]
[Round "1.11"]
[White "Toncheva, Nadya"]
[Black "Shohradova, Lala"]
[Result "1-0"]
[Annotator "RC"]
[ECO "D35"]
[WhiteElo "2311"]
[BlackElo "2025"]
[PlyCount "153"]
[EventDate "2025.02.23"]
[EventType "swiss"]
[EventCountry "MNE"]
[SourceTitle "playchess.com"]
[Source "ChessBase"]
[SourceQuality "1"]
[TimeControl "40/5400+30:1800+30"]

1. d4 Nf6 2. c4 e6 3. Nc3 d5 4. cxd5 exd5 5. Bg5 c6 6. e3 Be7 7. Bd3 O-O 8. Qc2 Nbd7 9. h3 Re8 10. Nf3 Nf8 11. O-O Ne4 12. Bf4 f5 13. Bh2 Ng6 14. Ne2 Bd6 15. Bxd6 Qxd6 16. g3 b6 17. Rac1 Bb7 18. Nf4 c5 19. Nxg6 Qxg6 20. Nh4 Qe6 21. dxc5 bxc5 22. Ng2 Rac8 23. h4 Qc6 24. Nf4 Kh8 25. Kh2 Qh6 26. f3 c4 27. Be2 Nf6 28. Qc3 Re7 29. Qd4 Rf8 30. Kg2 Nh5 31. Nxh5 Qxh5 32. Kf2 f4 33. exf4 Rfe8 34. Rce1 Qf5 35. Bd1 Qh3 36. Rh1 Qd7 37. Re5 Rxe5 38. fxe5 Rc8 39. Be2 Qa4 40. a3 Qc2 41. Qc3 Qf5 42. Rd1 Re8 43. f4 Qh3 44. Rd4 Qh2+ 45. Ke1 Bc6 46. Rd2 Qg1+ 47. Bf1 Rb8 48. Qf3 Rb3 49. Qf2 Rxg3 50. Qxg1 Rxg1 51. Kf2 Rg4 52. Rd4 Rxh4 53. Bxc4 Kg8 54. Bxd5+ Bxd5 55. Rxd5 Rxf4+ 56. Ke3 Rf8 57. Rd7 a5 58. Ke4 h5 59. e6 h4 60. Ke5 Re8 61. Rd4 Rb8 62. Rxh4 Rxb2 63. Kd6 Rb6+ 64. Kd7 Rb7+ 65. Kc6 Rb3 66. Rf4 Rc3+ 67. Kd7 Rd3+ 68. Ke8 g5 69. Rf5 Kg7 70. e7 Kg6 71. Rxa5 g4 72. Kf8 Rf3+ 73. Kg8 Re3 74. Ra6+ Kf5 75. Kf7 g3 76. Rf6+ Kg4 77. e8=Q 1-0

[Event "FIDE World Junior U20-ch Girls 2025"]
[Site "Petrovac"]
[Date "2025.02.25"]
[Round "1.12"]
[White "Blokhin, Sofia"]
[Black "Zhurova, Anna"]
[Result "0-1"]
[Annotator "ChessBase"]
[ECO "D37"]
[WhiteElo "2020"]
[BlackElo "2307"]
[PlyCount "96"]
[EventDate "2025.02.23"]
[EventType "swiss"]
[EventCountry "MNE"]
[SourceTitle "playchess.com"]
[Source "ChessBase"]
[SourceQuality "1"]
[TimeControl "40/5400+30:1800+30"]

1. d4 d5 2. c4 e6 3. Nc3 Nf6 4. Nf3 Nbd7 5. e3 a6 6. b3 b6 7. Bd3 Bb7 8. O-O Bd6 9. Bb2 O-O 10. Qe2 Ne4 11. Rac1 f5 12. a3 Rf6 13. g3 Rh6 14. b4 Nxc3 15. Bxc3 dxc4 16. Bxc4 b5 17. Ba2 Nb6 18. Bb1 Nc4 19. e4 Nxa3 20. Bd2 Rh5 21. Ba2 Nc4 22. Bxc4 bxc4 23. exf5 Qf6 24. g4 Rh3 25. Rc3 Rf8 26. Ne5 Rxc3 27. Bxc3 exf5 28. Qxc4+ Kh8 29. f3 Bc8 30. Qe2 Qe7 31. Re1 Qh4 32. d5 fxg4 33. fxg4 a5 34. Rf1 axb4 35. Rxf8+ Bxf8 36. Bd4 Qe7 37. Qf3 Kg8 38. Qb3 Qd6 39. Qf3 Qf6 40. Qb3 Bxg4 41. Qc4 Bh3 42. d6+ Be6 43. Qxc7 Qg5+ 44. Kf2 Qd2+ 45. Kf3 Bd5+ 46. Kg3 Qxd4 47. d7 Qe3+ 48. Kg4 Be6+ 0-1

[Event "FIDE World Junior U20-ch Girls 2025"]
[Site "Petrovac"]
[Date "2025.02.25"]
[Round "1.13"]
[White "Karmanova, Olga Dm."]
[Black "Lindstad, Livia"]
[Result "1-0"]
[Annotator "ChessBase"]
[ECO "B48"]
[WhiteElo "2292"]
[BlackElo "2017"]
[PlyCount "99"]
[EventDate "2025.02.23"]
[EventType "swiss"]
[EventCountry "MNE"]
[SourceTitle "playchess.com"]
[Source "ChessBase"]
[SourceQuality "1"]
[TimeControl "40/5400+30:1800+30"]

1. e4 c5 2. Nf3 e6 3. d4 cxd4 4. Nxd4 Nc6 5. Nc3 Qc7 6. Be3 a6 7. Bd3 Nf6 8. Qe2 Bb4 9. O-O Ne5 10. f4 Nxd3 11. cxd3 Bxc3 12. Rac1 Qa5 13. Rxc3 d6 14. h3 h6 15. Nb3 Qh5 16. Qxh5 Nxh5 17. Rfc1 O-O 18. Na5 d5 19. Rc7 dxe4 20. Nc4 exd3 21. Nb6 Ng3 22. Nxa8 Ne2+ 23. Kf2 Nxc1 24. Bxc1 e5 25. Nb6 Be6 26. fxe5 f6 27. exf6 Rxf6+ 28. Ke3 Bxa2 29. Nd7 Rf1 30. Rc8+ Kh7 31. Kxd3 Rf2 32. Nf8+ Kg8 33. Ng6+ Kh7 34. Nf4 g5 35. Rc7+ Kg8 36. Nh5 Rxg2 37. b3 Rf2 38. Rxb7 Bb1+ 39. Ke3 Rf7 40. Rb6 Bc2 41. Nf6+ Kf8 42. Ba3+ Kg7 43. Bb2 Kf8 44. Rb8+ Ke7 45. Re8+ Kd6 46. Be5+ Kc5 47. Rc8+ Kb4 48. Rxc2 Kxb3 49. Rc3+ Kb4 50. Nd5+ 1-0

[Event "FIDE World Junior U20-ch Girls 2025"]
[Site "Petrovac"]
[Date "2025.02.25"]
[Round "1.14"]
[White "Li, Anna Sofie"]
[Black "Allahverdiyeva, Ayan"]
[Result "0-1"]
[Annotator "ChessBase"]
[ECO "B90"]
[WhiteElo "2016"]
[BlackElo "2284"]
[PlyCount "74"]
[EventDate "2025.02.23"]
[EventType "swiss"]
[EventCountry "MNE"]
[SourceTitle "playchess.com"]
[Source "ChessBase"]
[SourceQuality "1"]
[TimeControl "40/5400+30:1800+30"]

1. e4 c5 2. Nf3 d6 3. d4 cxd4 4. Nxd4 Nf6 5. Nc3 a6 6. f3 e5 7. Nb3 Be7 8. Be3 Be6 9. Qd2 h5 10. Be2 Nbd7 11. Nd5 Bxd5 12. exd5 Qc7 13. c4 a5 14. Rc1 Kf8 15. O-O Kg8 16. f4 a4 17. fxe5 Nxe5 18. Nd4 Nfg4 19. Nb5 Qd8 20. Bxg4 Nxg4 21. Bf4 Qd7 22. Rc3 h4 23. h3 Nf6 24. Ra3 Nh5 25. Bh2 Rh6 26. Qd1 Re8 27. Nd4 Bd8 28. Qxa4 Qxa4 29. Rxa4 Bb6 30. c5 Bxc5 31. Kh1 Rf6 32. Nf3 Ng3+ 33. Bxg3 hxg3 34. Rc4 Re2 35. Rcc1 Rxb2 36. a4 Ra2 37. Ra1 Rxf3 0-1

[Event "FIDE World Junior U20-ch Girls 2025"]
[Site "Petrovac"]
[Date "2025.02.25"]
[Round "1.15"]
[White "Mungunzul, Bat-Erdene"]
[Black "Zeliantsova, Kseniya"]
[Result "1-0"]
[Annotator "ChessBase"]
[ECO "A42"]
[WhiteElo "2268"]
[BlackElo "1999"]
[PlyCount "73"]
[EventDate "2025.02.23"]
[EventType "swiss"]
[EventCountry "MNE"]
[SourceTitle "playchess.com"]
[Source "ChessBase"]
[SourceQuality "1"]
[TimeControl "40/5400+30:1800+30"]

1. d4 g6 2. c4 Bg7 3. Nc3 d6 4. e4 e5 5. Nf3 exd4 6. Nxd4 Nc6 7. Be3 Nge7 8. Be2 O-O 9. Qd2 f5 10. exf5 Bxd4 11. Bxd4 Nxf5 12. Be3 Nxe3 13. Qxe3 Qf6 14. O-O Be6 15. Rad1 Rae8 16. Qd2 Qf4 17. b3 Qxd2 18. Rxd2 a5 19. Bf3 Kg7 20. Nb5 Re7 21. Re2 Rfe8 22. Rxe6 Rxe6 23. Nxc7 Nb4 24. Bxb7 Nxa2 25. g3 Nc3 26. Nxe6+ Rxe6 27. Ra1 Ne2+ 28. Kg2 Nd4 29. Bd5 Re7 30. Rxa5 Nxb3 31. Rb5 Nc5 32. Rb6 Rd7 33. f4 h5 34. Kh3 Kf6 35. Rb8 Ra7 36. Rf8+ Ke7 37. Rf7+ 1-0

[Event "FIDE World Junior U20-ch Girls 2025"]
[Site "Petrovac"]
[Date "2025.02.25"]
[Round "1.16"]
[White "Zelbova, Lada"]
[Black "Nurgaliyeva, Zarina"]
[Result "1-0"]
[Annotator "ChessBase"]
[ECO "E53"]
[WhiteElo "1994"]
[BlackElo "2265"]
[PlyCount "93"]
[EventDate "2025.02.23"]
[EventType "swiss"]
[EventCountry "MNE"]
[SourceTitle "playchess.com"]
[Source "ChessBase"]
[SourceQuality "1"]
[TimeControl "40/5400+30:1800+30"]

1. d4 Nf6 2. c4 e6 3. Nf3 d5 4. Nc3 Bb4 5. e3 O-O 6. Bd3 c5 7. a3 Ba5 8. O-O dxc4 9. Bxc4 a6 10. dxc5 Bxc3 11. bxc3 Qa5 12. Qe2 Nc6 13. e4 e5 14. h3 Qxc5 15. a4 Na5 16. Ba2 Kh8 17. Ng5 Qe7 18. Bd5 Nxd5 19. exd5 Bf5 20. d6 Qf6 21. Nf3 Nb3 22. Ra2 e4 23. Nd2 Nxc1 24. Rxc1 Qg6 25. Rb2 Rfe8 26. Nc4 Bxh3 27. Qf1 Rab8 28. a5 Qg5 29. Rcb1 Rbc8 30. d7 Bxd7 31. Nd6 Qxa5 32. Nxe8 Bxe8 33. Rxb7 Qxc3 34. Qxa6 e3 35. Qe2 exf2+ 36. Qxf2 g6 37. Re1 Qc6 38. Rbe7 Kg8 39. Qd4 Ra8 40. Kh1 h6 41. Kh2 h5 42. R1e2 Kh7 43. Qe5 Ra4 44. Rxe8 Rh4+ 45. Kg1 Qb6+ 46. Rf2 Qb1+ 47. Qe1 1-0

[Event "FIDE World Junior U20-ch Girls 2025"]
[Site "Petrovac"]
[Date "2025.02.25"]
[Round "1.17"]
[White "Balabayeva, Xeniya"]
[Black "Trifoi, Mihaela-Ioana"]
[Result "1-0"]
[Annotator "ChessBase"]
[ECO "D02"]
[WhiteElo "2264"]
[BlackElo "1990"]
[PlyCount "117"]
[EventDate "2025.02.23"]
[EventType "swiss"]
[EventCountry "MNE"]
[SourceTitle "playchess.com"]
[Source "ChessBase"]
[SourceQuality "1"]
[TimeControl "40/5400+30:1800+30"]

1. d4 d5 2. Nf3 a6 3. Bf4 c5 4. dxc5 Nc6 5. c4 e6 6. Nc3 d4 7. Ne4 Bxc5 8. Nxc5 Qa5+ 9. Qd2 Qxc5 10. e3 dxe3 11. Bxe3 Qb4 12. O-O-O Qxd2+ 13. Nxd2 Nge7 14. Ne4 O-O 15. Bb6 e5 16. Nd6 Be6 17. Be2 Nc8 18. Nxc8 Rfxc8 19. b3 a5 20. a4 Nb8 21. Bf3 Nd7 22. Rxd7 Bxd7 23. Bxb7 Rxc4+ 24. bxc4 Rb8 25. Bf3 Rxb6 26. Rd1 Be8 27. Rd8 Kf8 28. c5 Re6 29. c6 e4 30. c7 Rc6+ 31. Kb2 Rxc7 32. Bxe4 Rc4 33. Bd3 Rb4+ 34. Kc3 Ke7 35. Ra8 Bc6 36. Ra7+ Rb7 37. Rxa5 Bxg2 38. Rg5 Bc6 39. a5 g6 40. a6 Rd7 41. Ra5 Ra7 42. Kd4 Kd6 43. f4 h6 44. h4 Rd7 45. Bc4 Ra7 46. h5 Bf3 47. Ke3 Bxh5 48. Bd5 g5 49. f5 Bg4 50. Bb7 f6 51. Rd5+ Ke7 52. Rc5 h5 53. Ke4 Be2 54. Rc7+ Kd8 55. Rc6 Ke7 56. Kd4 h4 57. Re6+ Kf7 58. Rxe2 g4 59. Re4 1-0

[Event "FIDE World Junior U20-ch Girls 2025"]
[Site "Petrovac"]
[Date "2025.02.25"]
[Round "1.18"]
[White "Beber, Anja"]
[Black "Hrebenshchykova, Yelyzaveta"]
[Result "0-1"]
[Annotator "ChessBase"]
[ECO "A45"]
[WhiteElo "1988"]
[BlackElo "2259"]
[PlyCount "90"]
[EventDate "2025.02.23"]
[EventType "swiss"]
[EventCountry "MNE"]
[SourceTitle "playchess.com"]
[Source "ChessBase"]
[SourceQuality "1"]
[TimeControl "40/5400+30:1800+30"]

1. d4 Nf6 2. Bf4 g6 3. e3 Bg7 4. Nf3 d6 5. h3 O-O 6. Be2 Nc6 7. O-O Nd7 8. Bh2 e5 9. c3 f5 10. Nbd2 e4 11. Ne1 Qe7 12. Nc2 g5 13. b4 Nf6 14. c4 Bh6 15. Nb3 Kh8 16. Kh1 Rg8 17. Rg1 Bd7 18. Qd2 Raf8 19. g4 Qd8 20. Raf1 Ne7 21. Qd1 Ng6 22. Nd2 Qc8 23. gxf5 Bxf5 24. Bg4 b5 25. cxb5 Nh4 26. Rg3 Qb7 27. a4 Nxg4 28. hxg4 Be6 29. Ne1 Bd5 30. Rh3 Bg7 31. Bg3 Bxd4 32. Bxh4 gxh4 33. exd4 e3+ 34. Ndf3 e2 35. Qxe2 Rxg4 36. Kh2 Qc8 37. Nxh4 Re8 38. Qd2 Qe6 39. f3 Rg7 40. Neg2 Rf8 41. Nf4 Qf7 42. Nfg2 Rfg8 43. Qh6 Be6 44. Re1 Bxh3 45. Kxh3 Rxg2 0-1

[Event "FIDE World Junior U20-ch Girls 2025"]
[Site "Petrovac"]
[Date "2025.02.25"]
[Round "1.19"]
[White "Kurmangaliyeva, Liya"]
[Black "Shohradova, Leyla"]
[Result "1-0"]
[Annotator "ChessBase"]
[ECO "C19"]
[WhiteElo "2251"]
[BlackElo "1986"]
[PlyCount "65"]
[EventDate "2025.02.23"]
[EventType "swiss"]
[EventCountry "MNE"]
[SourceTitle "playchess.com"]
[Source "ChessBase"]
[SourceQuality "1"]
[TimeControl "40/5400+30:1800+30"]

1. e4 e6 2. d4 d5 3. Nc3 Bb4 4. e5 Ne7 5. a3 Bxc3+ 6. bxc3 c5 7. h4 Qc7 8. Rh3 Bd7 9. a4 Nbc6 10. h5 h6 11. Ba3 b6 12. Nf3 Na5 13. Bd3 c4 14. Be2 Bc6 15. Qd2 O-O-O 16. Kf1 Rdg8 17. g4 Nb7 18. Qe3 Be8 19. Ke1 Qd7 20. Kd2 a5 21. Rhh1 Kc7 22. Nh4 g6 23. f4 Qd8 24. Raf1 Bxa4 25. f5 g5 26. fxe6 gxh4 27. Bxe7 Qxe7 28. Rxf7 Rg7 29. Rxe7+ Rxe7 30. g5 hxg5 31. Qxg5 Rhh7 32. Bg4 Nd8 33. Qf6 1-0

[Event "FIDE World Junior U20-ch Girls 2025"]
[Site "Petrovac"]
[Date "2025.02.25"]
[Round "1.20"]
[White "Gasparyan, Milena"]
[Black "Kaldarova, Ayaulym"]
[Result "1/2-1/2"]
[Annotator "ChessBase"]
[ECO "C11"]
[WhiteElo "1986"]
[BlackElo "2248"]
[PlyCount "61"]
[EventDate "2025.02.23"]
[EventType "swiss"]
[EventCountry "MNE"]
[SourceTitle "playchess.com"]
[Source "ChessBase"]
[SourceQuality "1"]
[TimeControl "40/5400+30:1800+30"]

1. e4 e6 2. d4 d5 3. Nc3 Nf6 4. Bg5 dxe4 5. Nxe4 Be7 6. Nxf6+ Bxf6 7. Bxf6 Qxf6 8. Nf3 b6 9. Bb5+ c6 10. Bd3 Nd7 11. Qe2 Bb7 12. Be4 O-O 13. Ne5 Nxe5 14. dxe5 Qe7 15. O-O Rad8 16. Rad1 h6 17. f4 Qc5+ 18. Kh1 Qe7 19. Qf3 Ba6 20. Rfe1 c5 21. f5 exf5 22. Qxf5 g6 23. Qf4 Rxd1 24. Rxd1 Rd8 25. Bd5 Kg7 26. c4 Bc8 27. h3 Be6 28. Qe4 Bf5 29. Qf4 Be6 30. Qe4 Bf5 31. Qf4 1/2-1/2